 Dungeon Crawl Stone Soup version 0.30-a0-737-gf23d94013f (webtiles) character file.

Game seed: 7970514970182106495

65296 karrick the Severer (level 15, -3/99 HPs)
             Began as a Gargoyle Fighter on Feb 3, 2023.
             Was the Champion of Okawaru.
             Killed from afar by a lindwurm (28 damage)
             ... with a blast of flame
             ... summoned by Kirke
             ... on level 13 of the Dungeon.
             The game lasted 01:05:39 (20807 turns).

karrick the Severer (Gargoyle Fighter)             Turns: 20807, Time: 01:05:39

Health: -3/99      AC:  0    Str: 19      XL:     15   Next: 15%
Magic:  20/20      EV: 13    Int: 11      God:    Okawaru [******]
Gold:   1215       SH:  0    Dex: 14 (15) Spells: 14/14 levels left

rFire   . . .      SeeInvis .    (weapon currently unavailable)
rCold   . . .      Faith    +    (shield currently unavailable)
rNeg    + . .      Spirit   .    (body armour currently unavailable)
rPois   ∞          Reflect  .    (helmet currently unavailable)
rElec   .          Harm     .    (cloak currently unavailable)
rCorr   .          Rampage  .    (gloves currently unavailable)
Will    +....                    (boots currently unavailable)
Stlth   ++                       s - amulet of faith
HPRegen 0.36/turn                (ring currently unavailable)
MPRegen 0.17/turn                (ring currently unavailable)

@: pig-form, slowed
A: fast, no casting, sickness immunity, AC +11, small, (big wings), negative
energy resistance 1, (electricity resistance), torment resistance 1,
petrification resistance, (heat vulnerability 1)
a: Renounce Religion, Heroism, Finesse, Duel


You were on level 13 of the Dungeon.
You worshipped Okawaru.
Okawaru was exalted by your worship.
You were a filthy swine.
You visited 2 branches of the dungeon, and saw 18 of its levels.
You also visited: Gauntlet and Volcano.

You collected 1241 gold pieces.
You spent 26 gold pieces at shops.

Inventory:

Hand Weapons
 m - a +3 vampiric broad axe (melded)
 E - a +2 broad axe of venom
 Y - a +1 battleaxe of flaming
Armour
 b - a scarf of shadows
 c - a +0 buckler
 u - a +2 cloak of stealth (melded)
 F - a +1 pair of boots (melded)
 L - a +0 pair of gloves (melded)
 O - the +0 crystal plate armour "Ureiz" {rPois rF++ rC+}
   (Okawaru gifted it to you on level 11 of the Dungeon)

   rF:        It greatly protects you from fire.
   rC:        It protects you from cold.
   rPois:     It protects you from poison.
 W - a +0 helmet (melded)
 X - the +1 tower shield of the King {rF+}
   (Okawaru gifted it to you in a volcano)

   rF:        It protects you from fire.
 Z - a +4 ring mail of fire resistance (melded)
Jewellery
 e - a +6 ring of intelligence
 s - an amulet of faith (around neck)
 D - a ring of ice
 I - a +4 ring of slaying (melded)
 N - a +6 ring of strength (melded)
 Q - a +4 ring of protection
Wands
 o - a wand of roots (5)
 q - a wand of digging (1)
 y - a wand of quicksilver (20)
 K - a wand of polymorph (7)
 M - a wand of mindburst (5)
 P - a wand of flame (8)
Scrolls
 d - 5 scrolls of poison
 f - 6 scrolls of identify
 g - 3 scrolls of silence
 k - 9 scrolls of teleportation
 n - 8 scrolls of amnesia
 p - a scroll of brand weapon {unknown}
 v - 3 scrolls of blinking
 x - 5 scrolls of immolation
 z - 2 scrolls of magic mapping
 A - 6 scrolls of vulnerability {unknown}
 C - 5 scrolls of fear {unknown}
 H - 4 scrolls of enchant armour {unknown}
 T - 2 scrolls of enchant weapon {unknown}
 V - 3 scrolls of fog {unknown}
Potions
 a - a potion of berserk rage {unknown}
 h - a potion of haste
 i - a potion of resistance
 l - 2 potions of invisibility
 r - a potion of ambrosia
 t - 2 potions of lignification
 w - 5 potions of curing
 B - a potion of attraction
 G - 3 potions of mutation
 J - a potion of brilliance
 R - a potion of might
 U - 2 potions of cancellation
Miscellaneous
 j - a condenser vane


   Skills:
 + Level 13.5 Fighting
 + Level 17.2 Axes
 + Level 11.2 Armour
 + Level 3.7 Stealth
 + Level 8.7 Shields
 * Level 7.8 Invocations
 + Level 0.4 Evocations


You had 14 spell levels left.
You didn't know any spells.
Your spell library contained the following spells:

 Spells                   Type           Power      Damage    Failure   Level
 Apportation              Tloc           0%         N/A       34%         1
 Freeze                   Ice            0%         1d3       34%         1
 Magic Dart               Conj           0%         1d3       34%         1
 Ensorcelled Hibernation  Hex/Ice        0%         N/A       47%         2
 Frozen Ramparts          Ice            0%         1d1       71%         3
 Hailstorm                Conj/Ice       0%         3d3       71%         3
 Ignite Poison            Fire/Tmut/Pois 0%         N/A       71%         3
 Kindle Blastsparks       Fire/Tloc/Air  0%         2d10      71%         3
 Mephitic Cloud           Conj/Pois/Air  0%         N/A       71%         3
 Fulminant Prism          Conj/Hex       0%         3d5       98%         4
 Iskenderun's Mystic Bla  Conj/Tloc      0%         2d3       98%         4
 Leda's Liquefaction      Hex/Erth       0%         N/A       98%         4
 Petrify                  Tmut/Erth      0%         N/A       98%         4
 Freezing Cloud           Conj/Ice/Air   0%         6-21      100%        5
 Lee's Rapid Deconstruct  Erth           0%         3d4*      100%        5
 Metabolic Englaciation   Hex/Ice        0%         N/A       100%        5
 Polar Vortex             Ice            0%         N/A       100%        9
 Call Imp                 Summ           Unusable   N/A       N/A         2
 Summon Ice Beast         Ice/Summ       Unusable   N/A       N/A         4
 Statue Form              Tmut/Erth      Unusable   N/A       N/A         6

Dungeon Overview and Level Annotations

Branches:
Dungeon (13/15)            Temple (0/1) D:7            Lair (5/5) D:11
  Swamp (0/4) Lair:2        Snake (0/4) Lair:3        Slime (0/5) Lair:5
    Orc (0/2) D:10        Volcano (visited)         Gauntlet (visited)
 Vaults: D:13-14

Altars:
Dithmenos
Okawaru
Vehumet
Jiyva

Shops:
D:4 *   D:5 [

Annotations:
D:13 Kirke
Lair:5 1 transporter, HilariousDeathArtist's ghost, adept OpRe


Innate Abilities, Weirdness & Mutations

You are a filthy swine.
You move quickly.
Your equipment is almost entirely melded.
You are incapable of wielding weapons or throwing items.
You cannot cast spells.
You are immune to sickness and miasma.
((Your stone body is resilient. (AC +11)))
You are immune to poison.
((Your large and strong wings let you fly.))
You resist negative energy. (rN+)
((You are resistant to electric shocks. (rElec)))
You are resistant to unholy torment.
You are immune to petrification.
((You are vulnerable to heat. (rF-)))


Message History

Something summons a lindwurm!
The quasit gives a chilling moan.
You hear a hideous shriek!
You can't go up here!
Okay, then.
Unknown command.
Blink to where?
Press: ? - help, Dir - move target A crimson imp, 2 shadow imps and an iron imp come into view.
Found a human corpse.
As you read the scroll of blinking, it crumbles to dust.
As you read the scroll of teleportation, it crumbles to dust.
You feel strangely unstable.
The crimson imp shouts!
The shadow imp shouts, "Get thee hence, thou venomed dread-bolted pustule!"
The crimson imp blinks!
A demonic crawler comes into view.
Found a human skeleton.
The crimson imp blinks!
Found a wand of paralysis (4) and a shimmering brass ring.
The demonic crawler gives a hideous shriek!
You see here a human corpse.
Unknown command.
Found 18 gold pieces.
The iron imp barely misses you. The shadow imp closely misses you.
Your surroundings suddenly seem different.
A crimson imp, 2 white imps, a shadow imp, a demonic crawler and a river rat come into view.
The white imp moves out of view.
Blink to where?
Press: ? - help, Dir - move target
As you read the scroll of blinking, it crumbles to dust.
The shadow imp shouts!
You hear a shout!
The white imp shouts!
You hear a hideous shriek!
The hog squeals angrily.
The quasit closely misses you. The quasit claws you. x2
You feel clumsy. The white imp gestures at you. The puff of frost hits you!
* * * LOW HITPOINT WARNING * * *
The lindwurm breathes flames at you. The blast of flame hits you!!
You die...

##......h.##
##..........##
##............##
#.......h......#
................#
..................
..................
......55..........
..5...†h..........
.......s<.........
......h††.........
...k..............
..................
..$............÷#
#......5.......#
##.5..........##
##".........##


You could see a demonic crawler, a lindwurm (summoned, catching breath), 2 hogs,
a quasit, a crimson imp, 2 white imps and a shadow imp.

Vanquished Creatures
  Fannar (Lair:1)
  Harold (D:10)
  2 hydras (Lair:5)
  3 catoblepae (Lair:5)
  3 boulder beetles
  11 death yaks
  5 two-headed ogres
  Urug (Lair:4)
  Nergalle (Lair:1)
  A bog body (Lair:2)
  A deep elf archer (Volcano)
  7 deep elf pyromancers (Volcano)
  2 cyclopes (D:12)
  4 manticores
  A moth of wrath (Gauntlet)
  20 elephants
  6 black mambas
  2 cane toads
  A torpor snail (Lair:3)
  A smoke demon (Gauntlet)
  2 rime drakes
  9 komodo dragons
  2 trolls
  A queen bee (Lair:5)
  A meliai (Lair:5)
  2 polar bears (Lair:5)
  A hornet (Lair:5)
  8 blink frogs
  24 dream sheep
  A shadow (D:11)
  A vampire (D:11)
  Sigmund (D:2)
  A ynoxinul (Gauntlet)
  A wraith (D:11)
  4 wyverns
  8 fire elementals (Volcano)
  65 yaks
  5 basilisks
  3 hogs (D:13)
  A steam dragon (D:9)
  3 chaos spawn (Gauntlet)
  8 vampire mosquitoes
  A neqoxec (Gauntlet)
  3 nagas (Lair:3)
  3 swamp worms (Lair:2)
  3 hell hounds (Volcano)
  13 water moccasins
  Duvessa (D:7)
  4 sky beasts
  2 ice beasts
  2 orc warriors
  4 black bears
  17 wolves
  3 ogres
  A phantom (D:1)
  5 centaurs
  Blork the orc (D:5)
  6 bullfrogs
  2 necrophages
  A gnoll sergeant (D:10)
  2 scorpions
  A jelly (D:7)
  4 wights (D:7)
  Dowan (D:7)
  5 killer bees (Lair:5)
  5 howler monkeys
  6 electric eels
  2 crimson imps (Gauntlet)
  A gnoll bouda (D:8)
  5 orc priests
  Crazy Yiuf (D:3)
  4 iron imps (Gauntlet)
  Jessica (D:3)
  12 orc wizards
  9 hell rats (Lair:2)
  An iguana (D:5)
  6 gnolls
  4 adders
  15 river rats
  A shadow imp (D:6)
  A white imp (D:7)
  2 worms (D:2)
  6 dart slugs (D:6)
  31 orcs
  9 bats
  4 endoplasms
  6 giant cockroaches
  6 goblins
  8 hobgoblins
  3 jackals (D:2)
  14 quokkas
  9 ball pythons
  5 frilled lizards
  6 kobolds
  18 rats
  A butterfly (Lair:1)
513 creatures vanquished.

Vanquished Creatures (others)
  A gnoll (D:6)
  An orc (D:6)
  15 demonic plants (Gauntlet)
  21 fungi
  37 plants
75 creatures vanquished.

Grand Total: 588 creatures vanquished

Notes
Turn   | Place    | Note
-------+----------+-------------------------------------------
     0 | D:1      | karrick the Gargoyle Fighter began the quest for the Orb.
     0 | D:1      | Reached XP level 1. HP: 14/14 MP: 1/1
    69 | D:1      | Reached XP level 2. HP: 19/19 MP: 2/2
   105 | D:1      | Reached skill level 2 in Axes
   243 | D:1      | Reached XP level 3. HP: 22/23 MP: 3/3
   920 | D:2      | Noticed Sigmund
   922 | D:2      | Noticed a phantom
   943 | D:1      | Killed a phantom
   944 | D:1      | Reached skill level 3 in Axes
   944 | D:1      | Reached XP level 4. HP: 3/29 MP: 4/4
  1069 | D:2      | Reached XP level 5. HP: 33/33 MP: 5/5
  1118 | D:2      | Got the Tome of Chilled Angles
  1281 | D:2      | Killed Sigmund
  1282 | D:2      | Reached skill level 4 in Axes
  1282 | D:2      | Reached XP level 6. HP: 12/38 MP: 6/6
  2046 | D:3      | Noticed Jessica
  2061 | D:3      | Killed Jessica
  2133 | D:3      | Found a runed translucent door.
  2134 | D:3      | Noticed Crazy Yiuf
  2438 | D:3      | Noticed a water moccasin
  2455 | D:3      | Killed a water moccasin
  2456 | D:3      | Reached skill level 5 in Axes
  2456 | D:3      | Reached XP level 7. HP: 26/44 MP: 7/7
  2706 | D:3      | Killed Crazy Yiuf
  3169 | D:4      | Reached skill level 5 in Armour
  3195 | D:4      | Found Moacsack's General Store.
  3203 | D:4      | Bought a scroll of identify for 26 gold pieces
  3496 | D:5      | Entered Level 5 of the Dungeon
  3505 | D:5      | Reached XP level 8. HP: 41/48 MP: 8/8
  3570 | D:5      | Reached skill level 6 in Axes
  3674 | D:5      | Found a shadowy altar of Dithmenos.
  3690 | D:5      | Reached skill level 5 in Fighting
  3690 | D:5      | Reached skill level 1 in Stealth
  3849 | D:5      | Noticed Blork the orc
  3864 | D:5      | Killed Blork the orc
  3871 | D:5      | Reached skill level 5 in Shields
  4004 | D:5      | Found Xecw's Armour Shop.
  4090 | D:5      | Found a radiant altar of Vehumet.
  4090 | D:5      | Found an iron altar of Okawaru.
  4129 | D:5      | Became a worshipper of Warmaster Okawaru
  4514 | D:6      | Reached skill level 7 in Axes
  4860 | D:6      | Reached * piety under Okawaru
  4955 | D:7      | Reached XP level 9. HP: 36/54 MP: 9/9
  5234 | D:7      | Noticed Dowan
  5252 | D:7      | Killed Dowan
  5304 | D:7      | Noticed Duvessa
  5309 | D:7      | Killed Duvessa
  5310 | D:7      | Reached skill level 8 in Axes
  5417 | D:7      | Found a staircase to the Ecumenical Temple.
  5575 | D:7      | Reached ** piety under Okawaru
  6100 | D:8      | Reached skill level 9 in Axes
  7155 | D:8      | Reached *** piety under Okawaru
  7156 | D:8      | Reached XP level 10. HP: 33/63 MP: 10/10
  7421 | D:8      | Noticed a two-headed ogre
  7433 | D:8      | Killed a two-headed ogre
  7434 | D:8      | Reached skill level 10 in Axes
  7743 | D:9      | Noticed a two-headed ogre
  7758 | D:9      | Killed a two-headed ogre
  7758 | D:9      | Reached **** piety under Okawaru
  8609 | D:10     | Entered Level 10 of the Dungeon
  8852 | D:10     | Reached skill level 11 in Axes
  8852 | D:10     | Reached XP level 11. HP: 39/68 MP: 11/11
  9085 | D:10     | Reached ***** piety under Okawaru
  9144 | D:10     | Found a staircase to the Orcish Mines.
  9390 | D:10     | Noticed a two-headed ogre
  9439 | D:11     | Identified the +0 crystal plate armour "Ureiz" {rPois rF++
                  | rC+} (Okawaru gifted it to you on level 11 of the Dungeon)
  9439 | D:11     | Received a gift from Okawaru
  9462 | D:11     | Found a staircase to the Lair.
  9616 | D:11     | Noticed a two-headed ogre
  9628 | D:11     | Killed a two-headed ogre
 10368 | D:12     | Noticed a boulder beetle
 10384 | D:12     | Noticed a cyclops
 10385 | D:12     | Killed a boulder beetle
 10518 | D:10     | Noticed Harold
 10534 | D:10     | Killed Harold
 10535 | D:10     | Reached skill level 12 in Axes
 10543 | D:10     | Killed a two-headed ogre
 11031 | Lair:1   | Entered Level 1 of the Lair of Beasts
 11045 | D:12     | Noticed a boulder beetle
 11349 | Lair:1   | Noticed Nergalle
 11364 | Lair:1   | Killed Nergalle
 11592 | Lair:1   | Reached skill level 1 in Invocations
 11619 | Lair:1   | Reached XP level 12. HP: 60/77 MP: 12/12
 11909 | Lair:1   | Reached skill level 13 in Axes
 12281 | Lair:1   | Noticed Fannar
 12303 | Lair:1   | Killed Fannar
 12304 | Lair:1   | Reached skill level 10 in Fighting
 12304 | Lair:1   | Reached skill level 10 in Armour
 12813 | Lair:2   | Noticed a boulder beetle
 12878 | Lair:2   | Found a dark tunnel.
 12883 | Volcano  | Entered a volcano
 13349 | Volcano  | Reached skill level 14 in Axes
 13531 | Volcano  | Identified the +1 tower shield of the King {rF+} (Okawaru
                  | gifted it to you in a volcano)
 13531 | Volcano  | Received a gift from Okawaru
 13987 | Lair:2   | Reached XP level 13. HP: 76/84 MP: 14/14
 14536 | Lair:2   | HP: 2/84 [bog body/bolt of cold (19)]
 15371 | Lair:2   | Found a staircase to the Swamp.
 15615 | Lair:3   | Reached skill level 15 in Axes
 15640 | Lair:3   | Received a gift from Okawaru
 16180 | Lair:3   | You fall into a shaft and drop 1 floor!
 16210 | Lair:4   | Noticed Urug
 16220 | Lair:4   | Received a gift from Okawaru
 16227 | Lair:4   | Killed Urug
 16618 | Lair:4   | Reached ****** piety under Okawaru
 16698 | Lair:4   | Reached skill level 5 in Invocations
 17064 | Lair:3   | Gained mutation: Your large and strong wings let you fly.
                  | [Gargoyle growth]
 17064 | Lair:3   | Reached XP level 14. HP: 79/92 MP: 15/17
 17096 | Lair:3   | Reached skill level 16 in Axes
 17295 | Lair:3   | Received a gift from Okawaru
 17410 | Lair:3   | Found a staircase to the Snake Pit.
 17999 | Lair:5   | Entered Level 5 of the Lair of Beasts
 18124 | Lair:5   | Found a gate leading to a gauntlet.
 18141 | Lair:5   | Received a gift from Okawaru
 18240 | Gauntlet | Entered a Gauntlet
 18240 | Gauntlet | Noticed a balrug
 18240 | Gauntlet | Found a transporter.
 18240 | Gauntlet | Found a transporter.
 18257 | Gauntlet | Found a transporter.
 18261 | Gauntlet | Found a transporter.
 18271 | Gauntlet | Found a transporter.
 18292 | Gauntlet | Found a transporter.
 18301 | Gauntlet | Found a transporter.
 18309 | Gauntlet | Found a transporter.
 18310 | Gauntlet | Found a transporter.
 18316 | Gauntlet | Found a transporter.
 18323 | Gauntlet | Found a transporter.
 18399 | Gauntlet | Found a transporter.
 18526 | Gauntlet | Gained mutation: You are vulnerable to heat. (rF-) [a
                  | neqoxec]
 18604 | Gauntlet | Identified the +1 scimitar "Mebuin" {flame, *Rage SInv
                  | Stlth+}
 18818 | Lair:5   | Found a transporter.
 18818 | Lair:5   | Noticed HilariousDeathArtist's ghost (adept OpRe)
 18822 | Lair:5   | Found a transporter.
 19097 | Lair:5   | Found a staircase to the Slime Pits.
 19098 | Lair:5   | Found a viscous altar of Jiyva.
 19342 | Lair:5   | Identified the +1 robe "Ytaod" {*Corrode rPois Regen+}
                  | (Okawaru gifted it to you on level 5 of the Lair of Beasts)
 19342 | Lair:5   | Received a gift from Okawaru
 19564 | Lair:5   | Reached skill level 17 in Axes
 19564 | Lair:5   | Reached XP level 15. HP: 95/99 MP: 20/20
 20462 | D:12     | Received a gift from Okawaru
 20783 | D:13     | Noticed Kirke
 20807 | D:13     | Killed from afar by a lindwurm

Illustrated notes

Levels and vault maps discovered:
D:1:      lemuel_arrival_tunnels, layout_basic, serial_park_tiny_2
D:2:      layout_basic, nrook_mini_vaults, corexii_leaking_fountain,
          minmay_misc_feat_nine_boxes, minmay_heptomino_d4, uniq_sigmund
D:3:      layout_loops_corners, bh_walls_and_bars, uniq_jessica,
          uniq_crazy_yiuf_cottage
D:4:      layout_basic, serial_shops, shop, kennysheep_decorative_pillar
D:5:      layout_cave_pools, grunt_dithmenos_smoke,
          gammafunk_temple_overflow_elements, serial_shops,
          nicolae_shop_window_shopping, uniq_blork_the_orc
D:6:      kennysheep_slugbush, layout_loops_corners, chequers_big_river
D:7:      layout_gridville, minmay_temple_entry_antechambers, uniq_duvessa
D:8:      layout_cave_pools, dreamdust_gnoll_shepherd
D:9:      layout_basic, st_stairs_13
D:10:     layout_long_grid, orc_0_dummy, uniq_harold
D:11:     layout_long_grid, lair_entry_dummy
D:12:     layout_loops_ring
D:13:     kennysheep_tiny_hell, layout_cave_pools, gammafunk_ghost_grave,
          uniq_jorgrun, uniq_kirke, uniq_erolcha
Lair:1:   layout_regular_city, grunt_megastairs_5, lemuel_fruit_fields,
          uniq_nergalle, uniq_fannar
Lair:2:   lemuel_ratsnest, layout_chaotic_city,
          nicolae_swamp_entry_splash_gauntlet, enter_volcano_4
Lair:3:   layout_regular_city, guppyfry_snake_entry_garden, grunt_megastairs_1
Lair:4:   layout_hall_layers, cheibrodos_lair_caveside_slide, uniq_urug
Lair:5:   evilmike_catoblepas_cave, layout_big_grid, slime_entry_1,
          gauntlet_entry_generic, gammafunk_ghost_hive,
          infiniplex_staircase_pool_2, grunt_megastairs_3

Skill      XL: |  1  2  3  4  5  6  7  8  9 10 11 12 13 14 |
---------------+-------------------------------------------+-----
Axes           | 2 3 4 5 7 9 11 12 14 15 17 | 17.2
Armour         | 4 5 6 7 8 9 10 11 | 11.2
Fighting       | 4 5 7 8 9 10 12 13 | 13.5
Shields        | 4 5 6 7 8 |  8.7
Stealth        | 1 2 3 |  3.7
Invocations    | 1 2 5 7 |  7.8
Evocations     | |  0.4

Action                     |  1- 3 |  4- 6 |  7- 9 | 10-12 | 13-15 || total
---------------------------+-------+-------+-------+-------+-------++-------
  Melee: War axe           |    98 |   148 |   384 |   527 |   387 ||  1544
         Broad axe         |       |       |       |       |   399 ||   399
         Battleaxe         |       |       |       |       |     6 ||     6
         Punch             |       |       |       |       |     6 ||     6
         Unarmed           |       |       |       |       |     1 ||     1
 Invoke: Heroism           |       |       |     1 |    11 |     9 ||    21
  Evoke: Wand              |       |       |       |     1 |     5 ||     6
    Use: Potion            |     1 |       |     2 |     3 |     4 ||    10
         Scroll            |       |       |       |     9 |    22 ||    31
   Stab: Distracted        |       |       |       |     1 |       ||     1
         Sleeping          |       |       |       |       |     3 ||     3
 Armour: Scale mail        |    61 |    77 |   230 |   299 |       ||   667
         Ring mail         |       |       |       |     4 |   470 ||   474
  Dodge: Dodged            |    75 |    91 |   164 |   177 |   348 ||   855
  Block: Buckler           |    31 |    32 |    81 |   128 |   150 ||   422

Table legend: (Time is in decaauts)
 A = Elapsed time spent in this place.
 B = Non-inter-level travel time spent in this place.
 C = Inter-level travel time spent in this place.
 D = Time resting spent in this place.
 E = Time spent auto-exploring this place.
 F = Levels seen in this place.
 G = Mean time per level.
                   A        B        C        D        E       F      G
               +--------+--------+--------+--------+--------+-----+--------+
         Total |  20797 |  19852 |    945 |   1319 |  14301 |  20 | 1039.8 |
       Dungeon |  12065 |  11445 |    620 |    341 |   9014 |  13 |  928.1 |
          Lair |   7459 |   7134 |    325 |    398 |   5286 |   5 | 1491.8 |
       Volcano |    894 |    894 |      0 |    580 |      0 |   1 |  894.0 |
      Gauntlet |    378 |    378 |      0 |      0 |      0 |   1 |  378.0 |
               +--------+--------+--------+--------+--------+-----+--------+

Top non-repeatable levels by time:
  Lair:2: 1948 daAuts
  Lair:1: 1875 daAuts
  Lair:3: 1535 daAuts
     D:6: 1437 daAuts
  Lair:5: 1390 daAuts
    D:11: 1283 daAuts
     D:7: 1246 daAuts
     D:3: 1207 daAuts
    D:10: 1132 daAuts
     D:9: 1028 daAuts
     D:1: 1020 daAuts
     D:5: 949 daAuts
 Volcano: 894 daAuts
     D:2: 765 daAuts
  Lair:4: 709 daAuts
